 Dungeon Crawl Stone Soup version 0.22-a0-580-gd5db89c (webtiles) character file.

106 wellist the Skirmisher (level 4, 0/41 HPs)
             Began as a Hill Orc Fighter on July 3, 2018.
             Succumbed to an adder's poison
             ... on level 3 of the Dungeon.
             The game lasted 00:10:31 (2469 turns).

wellist the Skirmisher (Hill Orc Fighter)           Turns: 2469, Time: 00:10:31

Health: 0/41       AC:  8    Str: 24    XL:     4   Next: 84%
Magic:  4/4        EV:  7    Int:  8    God:
Gold:   97         SH:  9    Dex: 10    Spells: 3/3 levels left

rFire    + . .     SeeInvis .   a - +0 war axe
rCold    . . .     Gourm    .   c - +0 shield
rNeg     . . .     Faith    .   o - +1 scale mail {rF+}
rPois    .         Spirit   .   (no helmet)
rElec    .         Reflect  .   (no cloak)
rCorr    .         Harm     .   (no gloves)
MR       .....                  (no boots)
Stlth    ..........             j - amulet of inaccuracy (curse)
HPRegen  0.13/turn              (no ring)
MPRegen  0.09/turn              (no ring)

@: mighty, lethally poisoned (0 -> -2)
A: no striking features
a: no special abilities


You were on level 3 of the Dungeon.
You were not hungry.

You visited 1 branch of the dungeon, and saw 3 of its levels.

You collected 97 gold pieces.

Inventory:

Hand Weapons
 a - a +0 war axe (weapon)
Armour
 c - a +0 shield (worn)
 o - a +1 scale mail of fire resistance (worn)
Jewellery
 j - a cursed amulet of inaccuracy (around neck)
 l - a cursed -2 ring of intelligence {unknown}
Scrolls
 i - a scroll of teleportation
 k - 3 scrolls of magic mapping {unknown}
 m - a scroll of fear {unknown}
 n - a scroll of identify {unknown}
 p - a scroll of amnesia {unknown}
Potions
 d - a potion of might
 e - a potion of mutation {unknown}
 g - 2 potions of heal wounds {unknown}
 h - a potion of curing
Comestibles
 f - 5 rations


   Skills:
 * Level 4.7 Fighting
 * Level 4.0 Axes
 * Level 4.2 Armour
 + Level 3.7 Shields


You had 3 spell levels left.
You didn't know any spells.
Your spell library was empty.

Dungeon Overview and Level Annotations

Branches:
Dungeon (3/15)

Altars:
Qazlal


Message History

* * * LOW HITPOINT WARNING * * *
The adder barely misses you.
The gnoll hits you from afar with a halberd!
* * * LOW HITPOINT WARNING * * *
You closely miss the adder.
The adder is heavily wounded.
You block the adder's attack. You block the gnoll's attack.
The adder bites you but does no damage.
Your shield and scale mail prevent you from hitting the adder.
The adder is heavily wounded.
* * * LOW HITPOINT WARNING * * *
You feel sick. The adder barely misses you. The gnoll closely misses you.
The adder bites you but does no damage.
You miss the adder.
The adder is heavily wounded.
The adder bites you but does no damage. You block the gnoll's attack.
You block the adder's attack.
You completely miss the adder.
The adder is heavily wounded.
You die...

# ..# ##....#. ##.#
....#...# ..#
#.....#...# .. . ..#
#.#.#...#...#... ..##
#.####.....# ..#...#.
.#.## #gggg.g..#
.#...#... ....#
######g##..#...#...#.
.#.#...# ##Sg.##
.#...#... ..######
#@###.####..#.....
.## #.# #....#
#....). .# #.###.##.#
##..... .# ##...###.#
#..... .# ##### #.#
#.##.# .# #.# ##.##.#
.# #.# #...... .# #.#
#..##.# ##
####.###..##.#


You could see 3 gnolls and an adder.

Vanquished Creatures
  4 adders (D:2)
  4 worms
  7 leopard geckos
  2 bats
  4 giant cockroaches
  4 goblins
  3 hobgoblins
  3 jackals (D:3)
  2 quokkas
  5 frilled lizards
  7 kobolds
  5 rats
50 creatures vanquished.

Notes
Turn   | Place    | Note
-------+----------+-------------------------------------------
     0 | D:1      | wellist the Hill Orc Fighter began the quest for the Orb.
     0 | D:1      | Reached XP level 1. HP: 19/19 MP: 1/1
    88 | D:1      | Reached XP level 2. HP: 24/27 MP: 2/2
   608 | D:1      | Reached XP level 3. HP: 33/33 MP: 3/3
  1087 | D:2      | Found a stormy altar of Qazlal.
  1118 | D:2      | Reached XP level 4. HP: 39/41 MP: 4/4
  2465 | D:3      | HP: 2/41 [gnoll/halberd (7)]
  2469 | D:3      | Succumbed to an adder's poison

Vault maps used:
D:1:      dpeg_arrival_rooms_c
D:2:      first_ration, grunt_qazlal_sundering
D:3:      hex_medium, minivault_11

Skill      XL: |  1  2  3  4 |
---------------+-------------+-----
Fighting       | 4 |  4.7
Axes           | 3 4 |  4.0
Armour         | 4 |  4.2
Shields        | |  3.7

Action                   |  1- 3 |  4- 6 || total
-------------------------+-------+-------++-------
Melee: War axe           |   111 |    93 ||   204
  Use: Scroll            |       |     3 ||     3
       Potion            |       |     3 ||     3
  Eat: Chunk             |     1 |     4 ||     5
Armor: Scale mail        |    45 |    43 ||    88
Dodge: Dodged            |    38 |    35 ||    73
Block: Shield            |    69 |    53 ||   122

Table legend:
 A = Spawn XP
 B = Non-spawn XP
 C = Spawn XP percentage of total XP
 D = Spawn monster count
 E = Non-spawn monster count
 F = Spawn count percentage of total count
 G = Total turns spent on level
                    A         B        C        D         E        F      G
               +---------+---------+-------+---------+---------+-------+---------
         Total |       0 |     152 |   0.0 |       0 |      50 |   0.0 |  2469
               +---------+---------+-------+---------+---------+-------+---------
           D:1 |       0 |      40 |   0.0 |       0 |      21 |   0.0 |   861
           D:2 |       0 |      88 |   0.0 |       0 |      18 |   0.0 |  1027
           D:3 |       0 |      24 |   0.0 |       0 |      11 |   0.0 |   581
               +---------+---------+-------+---------+---------+-------+---------
